 Dungeon Crawl Stone Soup version 0.31-a0-845-g9abc20d24f (webtiles) character file.

Game seed: 9361866661122402370

112 mcwallace the Ruffian (level 4, -7/37 HPs)
             Began as a Draconian Shapeshifter on Oct 1, 2023.
             Killed from afar by a white imp (9 damage)
             ... with a puff of frost
             ... on level 4 of the Dungeon.
             The game lasted 00:03:23 (2685 turns).

mcwallace the Ruffian (Draconian Shapeshifter)      Turns: 2685, Time: 00:03:23

Health: -7/37      AC:  5    Str: 19    XL:     4   Next: 63%
Magic:  4/4        EV: 12    Int: 10    God:
Gold:   172        SH:  0    Dex: 10    Spells: 3/3 levels left

rFire   . .          .
                       - Unarmed
rCold   . . .        (no shield)
rNeg    . . .        (body armour unavailable)
rPois   .            (helmet currently unavailable)
rElec   .            (cloak currently unavailable)
rCorr   .            (gloves currently unavailable)
SInv    .            (boots currently unavailable)
Will    .....        (no amulet)
Stlth   +            (no ring)
HPRegen 0.26/turn    (no ring)
MPRegen 0.09/turn

%: no passive effects
@: beast-form
A: beast (slay +2), AC +5, unfitting armour, cold-blooded
a: Begin Untransformation


You were on level 4 of the Dungeon.
You were a hulking beast.
You visited 1 branch of the dungeon, and saw 4 of its levels.

You collected 172 gold pieces.


Innate Abilities, Weirdness & Mutations

You are a hulking beast.
Your limbs bulge with bestial killing power. (Slay +2)
Your plain brown scales are hard. (AC +5)
You cannot fit into any form of body armour.
You are cold-blooded and may be slowed by cold attacks.


   Skills:
 + Level 2.5 Fighting
 + Level 2.7 Dodging
 + Level 3.7 Unarmed Combat
 + Level 3.6 Shapeshifting


You had 3 spell levels left.
You didn't know any spells.
Your spell library was empty.

Inventory:

Missiles
 e - 25 stones {throwing}
 t - 6 silver javelins {throwing}
 u - 4 datura-tipped darts {throwing}
Armour
 f - a +0 pair of boots
   (You found it on level 1 of the Dungeon)
 g - a +0 pair of boots
   (You found it on level 1 of the Dungeon)
Magical Staves
 d - a staff of earth {!astaff}
   (You found it on level 1 of the Dungeon)
Jewellery
 j - a ring of willpower
   (You found it on level 1 of the Dungeon)
Talismans
 b - a beast talisman (active)
 c - a flux talisman
Scrolls
 h - 2 scrolls of amnesia {unknown}
 k - 2 scrolls of revelation {unknown}
 n - 2 scrolls of identify {unknown}
 p - a scroll of enchant weapon {unknown}
 s - a scroll of vulnerability {unknown}
Potions
 a - a potion of lignification {!q}
 i - 6 potions of curing {unknown}
 l - a potion of ambrosia {unknown}
 m - a potion of degeneration {unknown}
 o - a potion of haste {unknown}
 q - a potion of brilliance {unknown}
 r - 2 potions of heal wounds {unknown}

Dungeon Overview and Level Annotations

Branches:
Dungeon (4/15) Zot: 21316
 Temple: D:4-7

Altars:
Ashenzari
Elyvilon
Fedhas
Okawaru
Xom

Annotations:
D:2 Sigmund

......# ..... ......#
#.........# .....
......# #.........
...... .....##
#........# #......
.##..# #........
##....... .#####
##.......# ##........
##
#........###5........
#
#.......##..##.......
# #.....h#..##
....... # ##....#5.##
....... # ##....###
....... ## ##..##
.......
.############..##
.....##
..........#..###
#######.....## #
#####..# # #..#


You could see a white imp.


Message History

No target in view!
No target in view!
There is a stone staircase leading up here.
Key pressed, stopping explore.
A ball python comes into view.
The ball python hisses angrily.
A ball python is nearby!
A ball python is nearby!
The ball python barely misses you. The ball python misses you.
You hit the ball python.
You kill the ball python!
No target in view!
No target in view!
No target in view!
No target in view!
You see here a ball python corpse.
Key pressed, stopping explore.
An adder comes into view.
An adder is nearby!
An adder is nearby!
A hobgoblin comes into view.
The hobgoblin shouts!
The hobgoblin hits you but does no damage.
You completely miss the hobgoblin. The hobgoblin hits you. 😕 HP[-3]
You take 3 damage, and now have 34/37 hp.
You hit the hobgoblin but do no damage. The hobgoblin closely misses you.
You punch the hobgoblin!
You kill the hobgoblin!
No target in view!
No target in view!
No target in view!
No target in view!
You see here a hobgoblin corpse.
You now have 161 gold pieces (gained 8).
Key pressed, stopping explore.
A giant cockroach comes into view.
You see here 11 gold pieces. 😎 HP[+3]
Your hp is fully restored (37).
You punch the giant cockroach!
You kill the giant cockroach!
No target in view!
No target in view!
No target in view!
You now have 172 gold pieces (gained 11).
Key pressed, stopping explore.
A white imp comes into view.
The white imp shouts!
A white imp is nearby!
A white imp is nearby!
A white imp is nearby!
The white imp gestures at you. The puff of frost hits you! 😮 HP[-10]
You take 10 damage, and now have 27/37 hp.
MASSIVE DAMAGE!! (PAUSE) Unknown command.
Unknown command.
An adder comes into view. 😕 HP[+1]
The adder hisses angrily.
The white imp gestures at you. The puff of frost hits you. 😮 HP[-2]
You take 2 damage, and now have 26/37 hp.
The white imp gestures at you. The puff of frost hits you!
* * * LOW HITPOINT WARNING * * *
😨 HP[-8]
You take 8 damage, and now have 18/37 hp.
MASSIVE DAMAGE!! (PAUSE)
The white imp gestures at you. The puff of frost hits you!
* * * LOW HITPOINT WARNING * * *
😱 HP[-11]
You take 11 damage, and now have 7/37 hp.
MASSIVE DAMAGE!! (PAUSE)
The white imp gestures at you. The puff of frost hits you.
* * * LOW HITPOINT WARNING * * *
😱 HP[-5]
You take 5 damage, and now have 2/37 hp.
Unknown command.
The white imp gestures at you. The puff of frost misses you. 😱 HP[+1]
The adder attacks as it pursues you! The adder bites you but does no damage.
The adder attacks as it pursues you! The adder closely misses you.
You punch the adder! The adder bites you.
* * * LOW HITPOINT WARNING * * *
😱 HP[-2]
You take 2 damage, and now have 1/37 hp.
You hit the adder.
You kill the adder! 😱 HP[+1]
You hit the white imp. You tail-slap the white imp.
The white imp gestures at you. The puff of frost hits you!
You die...

Skill      XL: |  1  2  3 |
---------------+----------+-----
Dodging        | 2 |  2.7
Fighting       | 2 |  2.5
Unarmed Combat | |  3.7
Shapeshifting  | |  3.6

Action                     |  1- 3 |  4- 6 || total
---------------------------+-------+-------++-------
  Melee: Unarmed           |   108 |    33 ||   141
         Tailslap          |    13 |     5 ||    18
         Punch             |     4 |     2 ||     6
   Stab: Sleeping          |     1 |       ||     1
 Armour: Skin              |    45 |    17 ||    62
  Dodge: Dodged            |    77 |    18 ||    95

Levels and vault maps discovered:
D:1:      dpeg_arrival_arbitrary_a, layout_basic
D:2:      minmay_inner_zag, layout_rooms, uniq_sigmund
D:3:      layout_rooms, mainiacjoe_overflow_alcove_1, doesnt_xom_only_xom,
          nicolae_ashenzari_panopticon, dreamdust_ecumenical_altar_sealed_demon,
          nrook_mini_backslash
D:4:      old_forge, layout_cave_pods, lightli_corner_chamber

Notes
Turn   | Place    | Note
-------+----------+-------------------------------------------
     0 | D:1      | mcwallace the Draconian Shapeshifter began the quest for
                  | the Orb.
     0 | D:1      | Reached XP level 1. HP: 16/16 MP: 1/1
     0 | D:1      | magus.rc [v1.9.6]
   988 | D:2      | Reached skill level 2 in Dodging
   991 | D:2      | Reached XP level 2. HP: 23/23 MP: 2/2
  1226 | D:2      | Reached XP level 3. HP: 22/29 MP: 3/3
  1327 | D:2      | Reached skill level 2 in Fighting
  1679 | D:2      | Noticed Sigmund
  1714 | D:3      | Identified the +5 ring mail of Weightlessness {Rampage rN+
                  | Int+3 Dex+3}
  1865 | D:3      | Found a faded altar of an unknown god.
  1865 | D:3      | Noticed a ynoxinul
  1896 | D:3      | Reached XP level 4. HP: 36/36 MP: 4/4
  2004 | D:3      | Found an iron altar of Okawaru.
  2006 | D:3      | Found a blossoming altar of Fedhas.
  2006 | D:3      | Found an ancient bone altar of Kikubaaqudgha.
  2018 | D:3      | Found a white marble altar of Elyvilon.
  2018 | D:3      | Found a shimmering altar of Xom.
  2018 | D:3      | Found an iron altar of Okawaru.
  2093 | D:3      | Found a blossoming altar of Fedhas.
  2324 | D:3      | Found a broken altar of Ashenzari.
  2675 | D:4      | HP: 7/37 [white imp/puff of frost (11)]
  2676 | D:4      | HP: 2/37 [white imp/puff of frost (6)]
  2683 | D:4      | HP: 1/37 [adder (2)]
  2685 | D:4      | Killed from afar by a white imp

Vanquished Creatures
  6 adders
  3 worms
  A dart slug (D:3)
  4 bats
  2 endoplasms
  A giant cockroach (D:4)
  4 goblins (D:2)
  4 hobgoblins
  7 kobolds
  2 quokkas
  9 ball pythons
  3 frilled lizards (D:2)
  5 rats
51 creatures vanquished.

Table legend:
 A = Non-vault XP
 B = Vault XP
 C = Vault XP percentage of total XP
 D = Non-vault monster count
 E = Vault monster count
 F = Vault count percentage of total count
                 A         B        C        D         E       F
            +---------+---------+-------+---------+---------+-------
      Total |     152 |       8 |   5.0 |      44 |       7 |  13.7
            +---------+---------+-------+---------+---------+-------
        D:1 |      10 |       0 |   0.0 |       6 |       0 |   0.0
        D:2 |      69 |       8 |  10.4 |      17 |       7 |  29.2
        D:3 |      52 |       0 |   0.0 |      16 |       0 |   0.0
        D:4 |      21 |       0 |   0.0 |       5 |       0 |   0.0
            +---------+---------+-------+---------+---------+-------

Skill      XL: |  1  2  3 |
---------------+----------+-----
Dodging        | 2 |  2.7
Fighting       | 2 |  2.5
Unarmed Combat | |  3.7
Shapeshifting  | |  3.6

Action                     |  1- 3 |  4- 6 || total
---------------------------+-------+-------++-------
  Melee: Unarmed           |   108 |    33 ||   141
         Tailslap          |    13 |     5 ||    18
         Punch             |     4 |     2 ||     6
   Stab: Sleeping          |     1 |       ||     1
 Armour: Skin              |    45 |    17 ||    62
  Dodge: Dodged            |    77 |    18 ||    95

Illustrated notes

Table legend:
 A = Kills in this place as a percentage of kills in the entire game.
 B = Kills by you in this place as a percentage of kills by you in the entire game.
 C = Kills by friends in this place as a percentage of kills by friends in the entire game.
 D = Other kills in this place as a percentage of other kills in the entire game.
 E = Experience gained in this place as a percentage of experience gained in the entire game.
 F = Experience gained in this place divided by the number of levels of this place that you have seen.
                   A       B       C       D       E      F
               +-------+-------+-------+-------+-------+----------------------
         Total | 100.0 | 100.0 |   N/A |   N/A | 100.0 |  40.0
       Dungeon | 100.0 | 100.0 |   N/A |   N/A | 100.0 |  40.0
               +-------+-------+-------+-------+-------+----------------------

Table legend: (Time is in decaauts)
 A = Elapsed time spent in this place.
 B = Non-inter-level travel time spent in this place.
 C = Inter-level travel time spent in this place.
 D = Time resting spent in this place.
 E = Time spent auto-exploring this place.
 F = Levels seen in this place.
 G = Mean time per level.
                   A        B        C        D        E       F      G
               +--------+--------+--------+--------+--------+-----+--------+
         Total |   2682 |   2585 |     97 |      0 |   2183 |   4 |  670.5 |
       Dungeon |   2682 |   2585 |     97 |      0 |   2183 |   4 |  670.5 |
               +--------+--------+--------+--------+--------+-----+--------+

Top non-repeatable levels by time:
     D:1: 993 daAuts
     D:3: 815 daAuts
     D:2: 712 daAuts
     D:4: 161 daAuts
